 Dungeon Crawl Stone Soup version 0.20.1-1-g8b1a95d66d (webtiles) character file.

118 Jynx the Chiller (level 4, -7/33 HPs)
             Began as a Draconian Ice Elementalist on Dec 21, 2017.
             Killed by nerve-wracking pain
             ... invoked by a shadow imp
              (11 damage)
             ... on level 3 of the Dungeon.
             The game lasted 00:04:25 (2823 turns).

Jynx the Chiller (Draconian Ice Elementalist)       Turns: 2823, Time: 00:04:25

Health: -7/33      AC:  5    Str: 11    XL:     4   Next: 72%
Magic:  4/8        EV: 12    Int: 16    God:
Gold:   95         SH:  0    Dex: 11    Spells: 5/9 levels left

rFire    . . .     SeeInvis .   (no weapon)
rCold    . . .     Gourm    .   (no shield)
rNeg     . . .     Faith    .   (armour unavailable)
rPois    .         Spirit   .   (helmet restricted)
rElec    .         Reflect  .   (no cloak)
rCorr    .         Harm     .   (no gloves)
MR       .....                  (no boots)
Stlth    ++........             (no amulet)
Regen    0.2/turn               (no ring)
MPRegen  0.2/turn               (no ring)

@: no status effects
A: unfitting armour, cold-blooded, AC +5
a: no special abilities


You were on level 3 of the Dungeon.
You were not hungry.

You visited 1 branch of the dungeon, and saw 3 of its levels.

You collected 95 gold pieces.

Inventory:

Scrolls
 j - a scroll of amnesia
 l - a scroll of magic mapping
Potions
 d - a potion of brilliance {unknown}
 e - 2 potions of mutation {unknown}
 f - a potion of magic {unknown}
 g - 3 potions of lignification {unknown}
 i - a potion of cancellation {unknown}
Books
 a - a book of Frost

   Spells                             Type                      Level
   a - Freeze                         Ice                          1
   b - Throw Frost                    Conjuration/Ice              2
   c - Ozocubu's Armour               Charms/Ice                   3
   d - Throw Icicle                   Conjuration/Ice              4
   e - Summon Ice Beast               Ice/Summoning                4
 m - a book of Misfortune

   Spells                             Type                      Level
   a - Confusing Touch                Hexes                        1
   b - Confuse                        Hexes                        3
   c - Gell's Gravitas                Translocation                3
   d - Petrify                        Transmutation/Earth          4
   e - Metabolic Englaciation         Hexes/Ice                    5
   f - Yara's Violent Unravelling     Hexes/Transmutation          5
Comestibles
 b - 3 bread rations
 c - 2 chunks of flesh
 h - 2 meat rations
 k - a royal jelly


   Skills:
 - Level 1.7 Dodging
 - Level 1.7 Stealth
 + Level 3.0 Spellcasting
   Level 1.0 Conjurations
 * Level 4.8 Ice Magic


You had 5 spell levels left.
You knew the following spells:

 Your Spells              Type           Power        Failure   Level  Hunger
a - Freeze                Ice            ###.         2%          1    #......
b - Ozocubu's Armour      Chrm/Ice       ##......     21%         3    ###....


Dungeon Overview and Level Annotations

Branches:
Dungeon (3/15)

Altars:
Fedhas


Innate Abilities, Weirdness & Mutations

Your plain brown scales are hard. (AC +5)
You cannot fit into any form of body armour.
You are cold-blooded and may be slowed by cold attacks.


Message History

Confirm with . or Enter, or press ? or * to list all spells.
Aiming: Freeze
Press: ? - help, Shift-Dir - straight line, f/p - shadow imp
Aim: a shadow imp (severely wounded)
You freeze the shadow imp.
The shadow imp resists.
The shadow imp is almost dead.
The shadow imp gestures at you. Pain shoots through your body!
* * * LOW HITPOINT WARNING * * *
You hit the shadow imp but do no damage.
The shadow imp is almost dead.
The shadow imp hits you but does no damage.
The shadow imp hits you but does no damage.
The shadow imp shouts, "Turn tail, thou plume-plucked fen-sucked nobody!"
You see here a bat skeleton.
A frilled lizard comes into view.
The frilled lizard moves out of view.
The shadow imp gestures at you. Pain shoots through your body!
You die...

..................>....# #.#
#.#....###.#####.####.# #.#
##...<......# ###.####### #.#
......#.##### #.........# #.#
##......# #.#.#####.### #.#
######.# #.#..<......# #.#
#......######.#.#.....#.# #.#
#.###...........#..#....###.#
#.#####.#####@#.#...........#
#...#.......#..........######
#.#.#.#.###.#5#.###.####
####...#.###.#K......#
#............#....####
#.##.###..####....#
#.##....#[...#รท.(.#
#.#####.#..K......# #
#)......#..#.###.##


You could see a shadow imp and a kobold.

Vanquished Creatures
  A hound (D:3)
  2 adders
  2 worms
  2 dart slugs
  2 ball pythons
  8 bats
  5 giant cockroaches
  10 goblins
  8 hobgoblins
  2 jackals (D:2)
  5 frilled lizards
  6 kobolds
  8 rats
61 creatures vanquished.

Notes
Turn   | Place    | Note
-------+----------+-------------------------------------------
     0 | D:1      | Jynx the Draconian Ice Elementalist began the quest for the Orb.
     0 | D:1      | Reached XP level 1. HP: 14/14 MP: 3/3
   182 | D:1      | Reached XP level 2. HP: 8/20 MP: 0/5
   989 | D:1      | Reached skill level 4 in Ice Magic
   991 | D:1      | Reached XP level 3. HP: 22/26 MP: 0/6
  2183 | D:2      | Reached XP level 4. HP: 33/33 MP: 6/8
  2428 | D:2      | Learned a level 3 spell: Ozocubu's Armour
  2610 | D:3      | Found a blossoming altar of Fedhas.
  2823 | D:3      | Killed from afar by a shadow imp

Skill      XL: |  1  2  3  4 |
---------------+-------------+-----
Ice Magic      | 4 |  4.8
Spellcasting   | 3 |  3.0
Dodging        | |  1.7
Stealth        | |  1.7
Conjurations   | |  1.0

Action                   |  1- 3 |  4- 6 || total
-------------------------+-------+-------++-------
Melee: Unarmed           |    52 |    22 ||    74
       Tailslap          |     5 |       ||     5
 Cast: Freeze            |    72 |    32 ||   104
  Use: Scroll            |     1 |     3 ||     4
 Stab: Sleeping          |     1 |       ||     1
  Eat: Chunk             |     5 |     2 ||     7
Armor: Skin              |    53 |    14 ||    67
Dodge: Dodged            |    95 |    39 ||   134
